 Dungeon Crawl Stone Soup version 0.18.1-48-g4cf74bf (webtiles) character file.

35 Gargoyl the Skirmisher (level 3, 0/29 HPs)
             Began as a Demonspawn Abyssal Knight on Aug 24, 2016.
             Was a Follower of Lugonu.
             Slain by a gnoll
             ... wielding a +0 flail
              (4 damage)
             ... on level 1 of the Dungeon.
             The game lasted 00:02:07 (1110 turns).

Gargoyl the Skirmisher (Demonspawn Abyssal Knight)  Turns: 1110, Time: 00:02:08

Health: 0/29       AC:  5    Str: 13    XL:     3   Next: 16%
Magic:  5/5        EV: 10    Int: 13    God:    Lugonu [*.....]
Gold:   42         SH:  0    Dex: 12    Spells: 0 memorised, 2 levels left

rFire  . . .     SeeInvis +     a - +1 hand axe
rCold  + . .     Gourm    .     d - +0 ring mail
rNeg   . . .     Faith    .     (no shield)
rPois  .         Spirit   .     (no helmet)
rElec  .         Dismiss  .     (no cloak)
rCorr  .         Reflect  .     (no gloves)
SustAt .         Harm     .     (no boots)
MR     .....                    (no amulet)
Stlth  +.........               (no ring)
                                h - ring of see invisible

@: not resistant to hostile enchantments, very unstealthy
A: cold resistance 1
a: Depart the Abyss, Renounce Religion


You were on level 1 of the Dungeon.
You worshipped Lugonu.
Lugonu was aware of your devotion.
You were hungry.

You visited 1 branch of the dungeon, and saw 2 of its levels.
You visited the Abyss 1 time.

You collected 42 gold pieces.

Inventory:

Hand Weapons
 a - a +1 hand axe (weapon)
Armour
 d - a +0 ring mail (worn)
Jewellery
 h - a ring of see invisible (left hand)
 j - an uncursed ring of protection from cold {unknown}
Scrolls
 b - a scroll of noise {unknown}
 e - a scroll of teleportation {unknown}
 f - a scroll of magic mapping {unknown}
Comestibles
 c - 2 bread rations
 g - 3 fruits


   Skills:
 + Level 3.6 Fighting
 + Level 2.0 Axes
 * Level 2.1 Armour
 + Level 1.1 Dodging
 + Level 2.7 Invocations


You had 2 spell levels left.
You didn't know any spells.

Dungeon Overview and Level Annotations

Branches:
Dungeon (2/15)

Altars:


Innate Abilities, Weirdness & Mutations

Your flesh is cold resistant.


Message History

HP restored.
You climb downwards.
The gnoll hits you with a flail.
There is a stone staircase leading up, spattered with blood here.
The gnoll hits you but does no damage. The gnoll hits you with a flail.
You climb upwards.
There is a stone staircase leading down here.
You slash the gnoll!
The gnoll is heavily wounded.
The gnoll hits you with a flail!
You completely miss the gnoll.
The gnoll is heavily wounded.
The gnoll hits you with a flail.
You hit the gnoll.
The gnoll is severely wounded.
The gnoll hits you with a flail!
* * * LOW HITPOINT WARNING * * *
You hit the gnoll.
The gnoll is almost dead.
The gnoll hits you with a flail.
You die...

#..(...#...[.##....###.#
#.######.....#.....# #.# #####
####..................# #.# #....
...#............#.....# #.# #.##.
##.#....##............# #.###.##.
#.#....##.#.####.#######.#..†...
#.##...##.#.#..........#.#.#....
##.#.....#.#.###g##.#.....#......
................@.#.#.#.###......
.###.#.#.#.######.#.#.#.#........
...#...#.#.##.....#.#.#.#.#....#.
.#.#####.#.##.#.###.#.#.#......#.
.#.......#....#.......#(.........
#######..#......###.#####.###....
.....##..#.###..#...........#.###
####.##..#.# #.....)#####.#.#.#
##.........###.##.#.....#.#.#.#


You could see a gnoll.

Vanquished Creatures
  A gnoll (D:1)
  2 dart slugs (D:1)
  A bat (D:1)
  2 giant cockroaches (D:1)
  3 goblins (D:1)
  5 hobgoblins (D:1)
  A ball python (D:1)
  A giant newt (D:1)
  4 rats (D:1)
20 creatures vanquished.

Notes
Turn   | Place    | Note
--------------------------------------------------------------
     0 | Abyss:1  | Gargoyl the Demonspawn Abyssal Knight began the quest for the Orb.
     0 | Abyss:1  | Reached XP level 1. HP: 18/18 MP: 2/2
    54 | Abyss:1  | Noticed an ancient zyme
    68 | D:1      | Escaped the Abyss
   110 | D:1      | Reached skill level 1 in Dodging
   341 | D:1      | Reached * piety under Lugonu
   345 | D:1      | Gained mutation: Your flesh is cold resistant. [demonic ancestry]
   345 | D:1      | Reached XP level 2. HP: 23/24 MP: 4/4
   934 | D:1      | Reached XP level 3. HP: 13/29 MP: 5/5
  1110 | D:1      | Slain by a gnoll

Skill      XL: |  1  2 |
---------------+-------+-----
Dodging        | 1 |  1.1
Axes           | 2 |  2.0
Armour         | 2 |  2.1
Fighting       | |  3.6
Invocations    | |  2.7

Action                   || total
-------------------------++-------
Melee: Hand axe          ||    58
Invok: Depart the Abyss  ||     1
  Use: Potion            ||     2
Armor: Ring mail         ||    27
Dodge: Dodged            ||    31
